 Dungeon Crawl Stone Soup version 0.25.1-2-g60ff931df9 (webtiles) character file.

Game seed: 4966528333717070420

2072 nikku the Covert (level 9, -4/47 HPs)
             Began as a Spriggan Assassin on Aug 24, 2020.
             Was an Initiate of Dithmenos.
             Shot with a sling bullet by Joseph (18 damage)
             ... on level 7 of the Dungeon.
             The game lasted 00:26:39 (7510 turns).

nikku the Covert (Spriggan Assassin)                Turns: 7510, Time: 00:26:40

Health: -4/47      AC:  7    Str: 10    XL:     9   Next: 5%
Magic:  10/10      EV: 21    Int: 13    God:    Dithmenos [......]
Gold:   281        SH:  0    Dex: 17    Spells: 8/8 levels left

rFire    . . .     SeeInvis +   a - +2 short sword (venom)
rCold    . . .     Gourm    .   (shield restricted)
rNeg     . . .     Faith    .   D - +0 acid dragon scales
rPois    .         Spirit   .   (helmet restricted)
rElec    .         Reflect  .   c - +0 cloak
rCorr    +         Harm     .   (gloves unavailable)
MR       +....                  (boots unavailable)
Stlth    +++.......             (no amulet)
HPRegen  0.15/turn              j - ring of resist corrosion
MPRegen  0.12/turn              A - ring of attention (curse)

@: very quick
A: very small, unfitting armour, see invisible, herbivore, speed 3, slow
metabolism 2
a: Renounce Religion


You were on level 7 of the Dungeon.
You worshipped Dithmenos.
Dithmenos was noncommittal.
You were hungry.

You visited 2 branches of the dungeon, and saw 8 of its levels.
You also visited: Sewer.

You collected 281 gold pieces.

Inventory:

Hand Weapons
 a - a +2 short sword of venom (weapon)
 b - a +0 hunting sling
 x - a +2 dagger
Missiles
 d - 43 poisoned darts (quivered)
 e - a curare-tipped dart
 g - 10 sling bullets
 y - 4 atropa-tipped darts
Armour
 c - a +0 cloak (worn)
 n - a +0 robe
 D - +0 acid dragon scales (worn)
Jewellery
 j - a ring of resist corrosion (left hand)
 A - a cursed ring of attention (right hand)
Wands
 q - a wand of enslavement (8)
Scrolls
 l - 3 scrolls of fog
 m - a scroll of immolation
 o - 4 scrolls of teleportation
 s - 2 scrolls of magic mapping
 t - a scroll of fear
 C - a scroll of blinking
Potions
 h - a potion of degeneration {unknown}
 i - 2 potions of curing
 k - 6 potions of brilliance
 p - a potion of mutation {unknown}
 r - a potion of berserk rage {unknown}
 u - 2 potions of heal wounds
 v - 6 potions of flight
 w - a potion of might {unknown}
 z - a potion of ambrosia {unknown}
 B - a potion of cancellation {unknown}
Comestibles
 f - 11 rations


   Skills:
 * Level 5.5 Fighting
 + Level 5.9 Short Blades
 + Level 4.5(5.5) Slings
 - Level 3.9(4.6) Throwing
 + Level 7.1 Dodging
 + Level 9.5 Stealth


You had 8 spell levels left.
You didn't know any spells.
Your spell library was empty.

Dungeon Overview and Level Annotations

Branches:
Dungeon (7/15)             Temple (1/1) D:4           Sewer (visited)

Altars:
Ashenzari
Cheibriados
Dithmenos
Elyvilon
Fedhas
Gozag
Hepliaklqana
Kikubaaqudgha
Makhleb
Nemelex Xobeh
Okawaru
Qazlal
Ru
Sif Muna
Trog
Uskayaw
Vehumet
Wu Jian
Xom
Yredelemnul
The Shining One

Annotations:
D:2 1 runed translucent door, Crazy Yiuf
D:5 2 transporters, Vinx's ghost, amateur DsAK
D:7 Joseph


Innate Abilities, Weirdness & Mutations

You are very small and have problems with some larger weapons.
You are too small for most types of armour.
You have supernaturally acute eyesight. (SInv)
You are a herbivore.
You cover ground extremely quickly.
You need to consume almost no food.


Message History

Joseph shoots a sling bullet.
The sling bullet closely misses you.
Found a worn iron wand.
You see here a sling bullet.
You closely miss Joseph.
Joseph is lightly wounded.
Joseph unwields a +0 hunting sling.
Joseph wields a +0 quarterstaff.
Joseph hits you with a +0 quarterstaff.
You barely miss Joseph.
Joseph is lightly wounded.
You hit Joseph.
Joseph looks even sicker.
Joseph is lightly wounded.
Joseph hits you with a +0 quarterstaff.
* * * LOW HITPOINT WARNING * * *
Joseph unwields a +0 quarterstaff.
Joseph wields a +0 hunting sling.
Joseph shoots a sling bullet.
The sling bullet completely misses you.
You see here a sling bullet.
Joseph shoots a sling bullet.
The sling bullet closely misses you.
There is a stone staircase leading up here.
Joseph shoots a sling bullet.
The sling bullet hits you!!
You die...

#......#####
#..........#.###
#.......##.#...
#.......##.#.#####
#.................
#........#.#.##############
#............#.............
#####.#....#.#.#########.##
#.#...@..#.# #.#
#......#.#.# #.# ##
#......#.#.#########.# ./
#......#.#.#.........# #.
#....#.#.#.#.#########
#.###.#.##.#.#.#.#
#.....#.##(#.#.#)#
#........@....>..#
#.....#.##.#######


You could see Joseph (very poisoned).

Vanquished Creatures
  Maggie (D:7)
  Duvessa (D:5)
  A sky beast (D:6)
  3 ogres
  A centaur (D:5)
  Blork the orc (D:5)
  A big kobold (Sewer)
  2 bullfrogs
  Dowan (D:5)
  3 scorpions
  2 howler monkeys
  2 crimson imps
  A bullfrog zombie (D:5)
  2 hounds
  4 orc priests
  Terence (D:3)
  An iguana (D:6)
  4 worker ants
  2 worker ant zombies (D:5)
  A howler monkey skeleton (D:7)
  9 adders
  5 oozes
  2 adder skeletons (D:5)
  7 worms
  2 dart slugs
  7 leopard geckos
  13 orcs
  5 giant cockroaches
  8 goblins
  4 hobgoblins
  9 jackals
  3 quokkas
  4 ball pythons
  9 bats
  6 frilled lizards
  A jackal skeleton (D:4)
  10 kobolds
  A leopard gecko skeleton (D:6)
  A quokka skeleton (D:4)
  8 rats
  A spectral orc (D:6)
150 creatures vanquished.

Notes
Turn   | Place    | Note
-------+----------+-------------------------------------------
     0 | D:1      | nikku the Spriggan Assassin began the quest for the Orb.
     0 | D:1      | Reached XP level 1. HP: 10/10 MP: 2/2
   299 | D:1      | Reached skill level 6 in Stealth
   336 | D:1      | Reached XP level 2. HP: 15/15 MP: 3/3
   980 | D:2      | Reached XP level 3. HP: 12/18 MP: 4/4
  1550 | D:2      | Reached XP level 4. HP: 23/23 MP: 5/5
  1639 | D:2      | Found a runed translucent door.
  1640 | D:2      | Noticed Crazy Yiuf
  1732 | D:3      | Found an iron altar of Okawaru.
  1877 | D:3      | Noticed a bullfrog
  1894 | D:3      | Killed a bullfrog
  1894 | D:3      | Reached XP level 5. HP: 9/27 MP: 6/6
  2220 | D:3      | Found a glowing drain.
  2267 | Sewer    | Entered a sewer
  2555 | Sewer    | Reached skill level 7 in Stealth
  2817 | Sewer    | Reached XP level 6. HP: 32/32 MP: 7/7
  2895 | D:3      | Noticed Terence
  2898 | D:3      | Killed Terence
  3104 | D:3      | Found a sparkling altar of Nemelex Xobeh.
  3166 | D:3      | Found a hide-covered altar of Uskayaw.
  3236 | D:3      | Found a hazy altar of Hepliaklqana.
  3237 | D:3      | Found a shimmering altar of Xom.
  3238 | D:3      | Noticed a spectral ugly thing
  3948 | D:4      | Found a radiant altar of Vehumet.
  3979 | D:4      | Found a staircase to the Ecumenical Temple.
  4012 | D:4      | Reached skill level 1 in Slings
  4012 | D:4      | Reached XP level 7. HP: 5/36 MP: 8/8
  4347 | D:4      | Found a blossoming altar of Fedhas.
  4402 | Temple   | Entered the Ecumenical Temple
  5063 | D:4      | Found a stormy altar of Qazlal.
  5063 | D:4      | Found a shattered altar of Ashenzari.
  5114 | D:5      | Entered Level 5 of the Dungeon
  5114 | D:5      | Noticed Blork the orc
  5118 | D:5      | Killed Blork the orc
  5138 | D:5      | Reached skill level 5 in Dodging
  5254 | D:5      | Reached skill level 8 in Stealth
  5359 | D:5      | Noticed Dowan
  5376 | D:5      | Killed Dowan
  5423 | D:5      | Noticed Duvessa
  5459 | D:5      | Found a shadowy altar of Dithmenos.
  5477 | D:5      | Killed Duvessa
  5797 | D:5      | Reached XP level 8. HP: 27/42 MP: 9/9
  5830 | D:5      | Reached skill level 5 in Short Blades
  6363 | D:5      | Found a transporter.
  6383 | D:5      | Found a transporter.
  6385 | D:5      | Noticed Vinx's ghost (amateur DsAK)
  6656 | D:5      | Became a worshipper of Dithmenos the Shadowed
  6779 | D:6      | Reached skill level 9 in Stealth
  6908 | D:6      | Reached skill level 5 in Fighting
  6928 | D:6      | Found a snail-covered altar of Cheibriados.
  7009 | D:6      | Found a basalt altar of Yredelemnul.
  7401 | D:7      | Noticed Maggie
  7407 | D:7      | Killed Maggie
  7407 | D:7      | Reached XP level 9. HP: 47/47 MP: 10/10
  7469 | D:7      | Noticed Joseph
  7510 | D:7      | Shot with a sling bullet by Joseph

Illustrated notes

Levels and vault maps discovered:
D:1:      scummos_arrival_star, layout_basic
D:2:      layout_rooms, nrook_mini_vaults, uniq_crazy_yiuf_cottage
D:3:      layout_rooms, regret_index_temple_of_mockery,
          okawaru_ov_weapons_minmay, nicolae_overflow_hidden_temple,
          old_standard_altar, portal_sewer_entry_f, first_ration,
          hangedman_glass_teeth, uniq_terence
D:4:      layout_basic, gammafunk_temple_overflow_elements,
          kennysheep_little_box, minmay_temple_entry_hall, fedhas_altar_4
D:5:      layout_cave_pools, nicolae_dithmenos_shadow_blocks,
          gammafunk_ghost_hive, uniq_duvessa, uniq_blork_the_orc
D:6:      layout_rooms, yredelemnul_forgotten_temple_becter,
          kennysheep_slug_shrine, water_maze_lemuel
D:7:      minmay_opposing_rooms, layout_basic, serial_shops,
          nicolae_shop_waterfront, minmay_door_square, uniq_joseph, uniq_harold,
          uniq_menkaure, uniq_maggie
Temple:   cyrus_temple_forest

Skill      XL: |  1  2  3  4  5  6  7  8 |
---------------+-------------------------+-----
Stealth        | 6 7 8 9 |  9.5
Dodging        | 2 3 4 5 7 |  7.1
Fighting       | 2 3 4 5 |  5.5
Short Blades   | 3 4 5 |  5.9
Throwing       | 3 |  3.9
Slings         | 1 2 4 |  4.5

Action                   |  1- 3 |  4- 6 |  7- 9 || total
-------------------------+-------+-------+-------++-------
Melee: Dagger            |    67 |   238 |    17 ||   322
       Short sword       |       |       |   187 ||   187
Throw: Dart              |    44 |    50 |    43 ||   137
  Use: Scroll            |     2 |     8 |     4 ||    14
       Potion            |       |       |     2 ||     2
 Stab: Sleeping          |     9 |    12 |    15 ||    36
       Distracted        |       |       |     1 ||     1
  Eat: Ration            |       |       |     2 ||     2
Armor: Robe              |     6 |    25 |    15 ||    46
Dodge: Dodged            |    45 |   206 |   163 ||   414
